 Dungeon Crawl Stone Soup version 0.22.0-49-gab54619 (webtiles) character file.

8122 Nilihum the Fighter (level 11, -2/89 HPs)
             Began as a Demonspawn Gladiator on Sept 8, 2018.
             Was a High Priest of Okawaru.
             Slain by an alligator simulacrum (28 damage)
             ... in an ice cave.
             The game lasted 00:23:19 (11031 turns).

Nilihum the Fighter (Demonspawn Gladiator)         Turns: 11031, Time: 00:23:20

Health: -2/89      AC: 19    Str: 18    XL:     11   Next: 5%
Magic:  17/17      EV:  6    Int:  9    God:    Okawaru [*****.]
Gold:   522        SH: 10    Dex: 15    Spells: 10/10 levels left

rFire    . . .     SeeInvis .   a - +1 flail
rCold    . . .     Gourm    .   K - +0 shield
rNeg     . . .     Faith    +   t - +1 plate armour
rPois    .         Spirit   .   c - +0 helmet
rElec    .         Reflect  .   o - +0 cloak
rCorr    .         Harm     .   x - +0 pair of gloves (curse)
MR       .....                  (no boots)
Stlth    ..........             B - amulet of faith {Faith, !P}
HPRegen  0.24/turn              (no ring)
MPRegen  0.15/turn              (no ring)

@: no status effects
A: slimy green scales 2, spiny 2, rot immunity
a: Heroism, Finesse, Renounce Religion


You were in an ice cave.
You worshipped Okawaru.
Okawaru was extremely pleased with you.
You were not hungry.

You visited 3 branches of the dungeon, and saw 11 of its levels.
You also visited: Ice Cave.

You collected 522 gold pieces.

Inventory:

Hand Weapons
 a - a +1 flail (weapon)
 i - a +3 spear
   (You found it on level 1 of the Lair of Beasts)
Missiles
 d - 5 throwing nets {=f, !d}
 I - a javelin of penetration (quivered)
Armour
 c - a +0 helmet (worn)
 m - a +1 ring mail of poison resistance
   (Okawaru gifted it to you on level 9 of the Dungeon)
 o - a +0 cloak (worn)
   (You took it off Crazy Yiuf on level 3 of the Dungeon)
 t - a +1 plate armour (worn)
   (You found it on level 4 of the Dungeon)
 x - a cursed +0 pair of gloves (worn)
   (You found it on level 6 of the Dungeon)
 K - a +0 shield (worn)
   (You took it off a gnoll sergeant on level 9 of the Dungeon)
Jewellery
 B - an amulet of faith (around neck) {Faith, !P}
   (You found it on level 7 of the Dungeon)
Wands
 l - a wand of random effects (30)
   (You found it on level 1 of the Lair of Beasts)
 w - a wand of digging (7)
   (You found it on level 8 of the Dungeon)
 y - a wand of flame (38)
   (You found it on level 6 of the Dungeon)
Scrolls
 b - 7 scrolls of remove curse
 j - 4 scrolls of blinking {!r}
 v - 2 scrolls of teleportation
 z - 2 scrolls of amnesia
 G - a scroll of enchant weapon
Potions
 e - 3 potions of lignification {!q}
 g - 3 potions of haste
 h - a potion of cancellation {unknown}
 k - 3 potions of mutation {!q}
 p - 3 potions of curing
 r - 3 potions of invisibility
 s - a potion of magic {unknown}
 u - a potion of resistance
 A - 2 potions of might {unknown}
 F - a potion of degeneration {unknown}
Comestibles
 f - 26 rations
 n - 9 chunks of flesh {@w0}


   Skills:
 + Level 9.5 Fighting
 + Level 8.9 Maces & Flails
 - Level 1.7 Throwing
 - Level 5.0 Armour
 - Level 5.0 Dodging
 + Level 4.8 Shields
 - Level 8.3 Invocations


You had 10 spell levels left.
You didn't know any spells.
Your spell library contained the following spells:

 Spells                   Type           Power        Failure   Level  Hunger
 Magic Dart               Conj           #...         100%        1    ##.....
 Blink                    Tloc           N/A          100%        2    ###....
 Call Imp                 Summ           #.......     100%        2    ###....
 Slow                     Hex            #.......     100%        2    ###....
 Conjure Flame            Conj/Fire      #.......     100%        3    ####...
 Mephitic Cloud           Conj/Pois/Air  #.......     100%        3    ####...
 Cause Fear               Hex            #.........   100%        4    #####..
 Silence                  Hex/Air        #.........   100%        5    ######.
 Yara's Violent Unravell  Hex/Tmut       #.........   100%        5    ######.
 Deflect Missiles         Chrm/Air       #.........   100%        6    #######
 Discord                  Hex            #.........   100%        8    #######


Dungeon Overview and Level Annotations

Branches:
Dungeon (9/15)             Temple (1/1) D:5            Lair (1/6) D:9
    Orc (0/2) D:9

Altars:
Ashenzari
Cheibriados
Dithmenos
Elyvilon
Fedhas
Gozag
Hepliaklqana
Kikubaaqudgha
Makhleb
Nemelex Xobeh
Okawaru
Qazlal
Ru
Sif Muna
Trog
Uskayaw
Vehumet
Wu Jian
Xom
Yredelemnul
Zin
The Shining One

Shops:
D:7 =


Innate Abilities, Weirdness & Mutations

You are mostly covered in slimy green scales. (AC +3)
You are mostly covered in sharp spines.
You are immune to rotting.


Message History

The spiny frog stings you but does no damage.
You hit the spiny frog.
The spiny frog is struck by your spines.
The spiny frog stings you but does no damage.
Your plate armour prevents you from hitting the spiny frog.
You block the spiny frog's attack.
You thump the spiny frog!
You kill the spiny frog!
Okawaru accepts your kill.
You have reached level 11!
You regained 6 hp, and now have 75/89 hp.
MP restored: 17
I - a javelin of penetration
I - 2 javelins of penetration (gained 1)
A bullfrog comes into view.
The bullfrog croaks.
You regained 3 hp, and now have 78/89 hp.
A bullfrog is nearby!
Throwing (i - inventory)
I - 2 javelins of penetration (quivered)
Aim: a bullfrog You throw a javelin of penetration.
The javelin of penetration pierces through the bullfrog!
You hear the crackling of a very distant melting archway.
The bullfrog is struck by your spines.
The bullfrog hits you but does no damage.
You sock the bullfrog!
You kill the bullfrog!
Okawaru accepts your kill.
No target in view!
No target in view!
You see here a bullfrog corpse.
You butcher the bullfrog corpse.
n - 9 chunks of flesh {@w0} (gained 1)
I - 2 javelins of penetration (gained 1)
A - 2 metallic golden potions (gained 1)
Found an escape hatch in the floor.
You regained 2 hp, and now have 82/89 hp.
You hear a distant blaring wail to the southwest.
There is an escape hatch in the floor here.
v - 2 scrolls of teleportation (gained 1)
You hear the steady crackling of a very distant melting archway.
I - 3 javelins of penetration (gained 1)
f - 26 rations (gained 1)
You hear the steady crackling of a very distant melting archway.
Found a stone staircase leading down.
Health restored: 89 You hit the fungus but do no damage.
You hit the fungus.
A komodo dragon comes into view.
The komodo dragon hisses angrily.
Found a frozen archway.
There is a frozen archway here.
The world spins around you as you enter the gateway.
You enter an ice cave! 4 simulacra come into view.
Found an ice covered gate leading back out of this place.
There is an ice choked empty arch of ancient stone here.
Throwing (i - inventory)
I - 3 javelins of penetration (quivered)
Aim: a wolf simulacrum You throw a javelin of penetration.
The javelin of penetration pierces through the wolf spider simulacrum!
Throwing (i - inventory)
I - 2 javelins of penetration (quivered)
Aim: a wolf spider simulacrum (heavily damaged)
You throw a javelin of penetration.
The javelin of penetration pierces through the wolf simulacrum!
The wolf simulacrum vapourises!
Okawaru accepts your kill.
You hit the wolf spider simulacrum but do no damage.
You block the wolf spider simulacrum's attack. x2
The wolf spider simulacrum is struck by your spines.
The wolf spider simulacrum barely misses you.
The wolf spider simulacrum bites you but does no damage.
You sock the wolf spider simulacrum!
The wolf spider simulacrum is struck by your spines.
The wolf spider simulacrum hits you but does no damage.
You block the wolf spider simulacrum's attack.
You sock the wolf spider simulacrum!
The wolf spider simulacrum vapourises!
Okawaru accepts your kill.
You block the alligator simulacrum's attack. x2
You hit the alligator simulacrum but do no damage.
The alligator simulacrum is struck by your spines.
The alligator simulacrum bites you! The alligator simulacrum freezes you!!
The alligator simulacrum tail-slaps you but does no damage.
You take 34 damage, and have 55/89 hp.
MASSIVE DAMAGE!!
You hit the alligator simulacrum.
You block the polar bear simulacrum's attack.
The polar bear simulacrum claws you but does no damage. x2
The alligator simulacrum bites you but does no damage.
The alligator simulacrum tail-slaps you but does no damage.
You hit the alligator simulacrum.
The polar bear simulacrum is struck by your spines.
The polar bear simulacrum bites you! The polar bear simulacrum freezes you!
You block the polar bear simulacrum's attack.
The polar bear simulacrum claws you but does no damage.
The alligator simulacrum bites you.
* * * LOW HITPOINT WARNING * * *
The alligator simulacrum freezes you!!
You die...

#### ##..##
##
##....##..##
#....Z.....#
#.∩.@Z(.(...
#.......##..
##....###
##..## ####


You could see an alligator simulacrum and a polar bear simulacrum.

Vanquished Creatures
  A two-headed ogre (D:8)
  A spiny frog (Lair:1)
  2 trolls
  A wolf spider simulacrum (IceCv)
  3 hippogriffs (D:7)
  A spriggan (D:7)
  6 yaks
  A steam dragon (D:9)
  A soldier ant (D:8)
  2 porcupines (D:9)
  4 orc warriors
  A sky beast (D:9)
  2 phantoms
  A necrophage (D:9)
  5 centaurs
  7 ogres
  A big kobold (D:9)
  9 bullfrogs
  3 gnoll sergeants (D:9)
  A scorpion (D:7)
  7 killer bees (D:8)
  2 jellies (D:9)
  3 howler monkeys (D:7)
  A bullfrog zombie (D:9)
  A crimson imp (D:5)
  4 orc priests
  Crazy Yiuf (D:3)
  3 centaur skeletons (D:9)
  4 orc wizards
  A quasit (D:8)
  2 bullfrog skeletons
  2 hounds
  2 iguanas
  8 worker ants
  A hell rat (D:9)
  A wolf simulacrum (IceCv)
  2 hound skeletons
  11 adders
  3 gnolls (D:9)
  2 river rats (D:9)
  A shadow imp (D:8)
  2 oozes (D:1)
  A worm (D:2)
  4 dart slugs
  6 leopard geckos
  34 orcs
  3 ball pythons
  4 giant cockroaches
  7 goblins
  5 hobgoblins
  14 jackals
  8 kobolds
  8 quokkas
  8 bats
  10 frilled lizards
  2 leopard gecko skeletons
  A quokka skeleton (D:5)
  5 rats
237 creatures vanquished.

Vanquished Creatures (others)
  3 fungi (D:6)
  2 plants (D:4)
5 creatures vanquished.

Grand Total: 242 creatures vanquished

Notes
Turn   | Place    | Note
-------+----------+-------------------------------------------
     0 | D:1      | Nilihum the Demonspawn Gladiator began the quest for the
                  | Orb.
     0 | D:1      | Reached XP level 1. HP: 16/16 MP: 1/1
    86 | D:1      | Gained mutation: You are immune to rotting. [demonic
                  | ancestry]
    86 | D:1      | Reached XP level 2. HP: 21/22 MP: 2/2
   468 | D:1      | Reached skill level 3 in Dodging
   547 | D:1      | Reached skill level 3 in Maces & Flails
   592 | D:1      | Reached skill level 1 in Armour
   745 | D:1      | Gained mutation: You are partially covered in slimy green
                  | scales. (AC +2) [demonic ancestry]
   745 | D:1      | Reached XP level 3. HP: 28/28 MP: 3/3
  1854 | D:2      | Found a sacrificial altar of Ru.
  1976 | D:2      | Reached XP level 4. HP: 34/34 MP: 4/4
  2079 | D:3      | Found a runed door.
  2148 | D:3      | Noticed an ogre
  2159 | D:3      | HP: 8/34 [ogre/giant club (11)]
  2160 | D:3      | Killed an ogre
  2160 | D:3      | Reached skill level 3 in Fighting
  2160 | D:3      | Reached XP level 5. HP: 10/41 MP: 5/5
  2639 | D:3      | Reached skill level 2 in Armour
  2673 | D:3      | Found a white marble altar of Elyvilon.
  2673 | D:3      | Found a basalt altar of Yredelemnul.
  2688 | D:3      | Found a shattered altar of Ashenzari.
  3093 | D:3      | Found a glowing silver altar of Zin.
  3140 | D:3      | Found a snail-covered altar of Cheibriados.
  3141 | D:3      | Found an ancient bone altar of Kikubaaqudgha.
  3144 | D:3      | Found a burning altar of Makhleb.
  3287 | D:3      | Noticed Crazy Yiuf
  3292 | D:3      | Killed Crazy Yiuf
  3932 | D:4      | HP: 9/41 [iguana (8)]
  3933 | D:4      | Gained mutation: You are mostly covered in slimy green
                  | scales. (AC +3) [demonic ancestry]
  3933 | D:4      | Reached XP level 6. HP: 10/47 MP: 6/6
  4422 | D:5      | Entered Level 5 of the Dungeon
  4520 | D:5      | Found a staircase to the Ecumenical Temple.
  4529 | Temple   | Entered the Ecumenical Temple
  4711 | D:5      | Found an iron altar of Okawaru.
  4715 | D:5      | Reached skill level 4 in Maces & Flails
  4715 | D:5      | Reached skill level 4 in Dodging
  4739 | D:5      | Became a worshipper of Warmaster Okawaru
  5200 | D:5      | Found a burning altar of Makhleb.
  5293 | D:5      | Found a shadowy altar of Dithmenos.
  5317 | D:5      | Reached skill level 4 in Fighting
  5366 | D:5      | Reached skill level 1 in Invocations
  5559 | D:5      | Reached * piety under Okawaru
  5559 | D:5      | Reached skill level 3 in Armour
  5559 | D:5      | Gained mutation: You are partially covered in sharp spines.
                  | [demonic ancestry]
  5559 | D:5      | Reached XP level 7. HP: 54/54 MP: 6/8
  5728 | D:6      | Reached skill level 2 in Invocations
  5824 | D:6      | Found a blossoming altar of Fedhas.
  6023 | D:6      | Reached skill level 5 in Dodging
  6134 | D:6      | Reached skill level 3 in Invocations
  6162 | D:6      | Reached ** piety under Okawaru
  6162 | D:6      | Reached XP level 8. HP: 23/61 MP: 10/10
  6513 | D:7      | Noticed a hippogriff
  6531 | D:7      | Killed a hippogriff
  6531 | D:7      | Reached skill level 5 in Fighting
  6531 | D:7      | Reached skill level 5 in Maces & Flails
  6531 | D:7      | Reached skill level 4 in Armour
  6531 | D:7      | Reached skill level 4 in Invocations
  6539 | D:7      | Noticed a hippogriff
  6561 | D:7      | Killed a hippogriff
  6615 | D:7      | Found Oreolar's Jewellery Shoppe.
  6808 | D:7      | Noticed a troll
  6814 | D:7      | Killed a troll
  6814 | D:7      | Reached skill level 5 in Invocations
  7070 | D:7      | Noticed a hippogriff
  7083 | D:7      | Killed a hippogriff
  7083 | D:7      | Reached *** piety under Okawaru
  7083 | D:7      | Reached skill level 6 in Fighting
  7302 | D:7      | Gained mutation: You are mostly covered in sharp spines.
                  | [demonic ancestry]
  7302 | D:7      | Reached XP level 9. HP: 69/69 MP: 13/13
  7389 | D:7      | Reached skill level 5 in Armour
  7429 | D:7      | Reached skill level 6 in Invocations
  7502 | D:7      | Reached skill level 6 in Maces & Flails
  7776 | D:8      | Reached skill level 7 in Invocations
  7954 | D:8      | Reached **** piety under Okawaru
  7962 | D:8      | Found a shimmering altar of Xom.
  7975 | D:8      | Found a blossoming altar of Fedhas.
  8184 | D:8      | Noticed a two-headed ogre
  8194 | D:8      | HP: 17/71 [two-headed ogre/giant club (16)]
  8200 | D:8      | Killed a two-headed ogre
  8200 | D:8      | Received a gift from Okawaru
  8200 | D:8      | Reached skill level 7 in Fighting
  8200 | D:8      | Reached skill level 7 in Maces & Flails
  8200 | D:8      | Reached skill level 8 in Invocations
  8418 | D:8      | Found a radiant altar of Vehumet.
  8626 | D:8      | Reached XP level 10. HP: 71/80 MP: 16/16
  8836 | D:9      | Reached ***** piety under Okawaru
  8876 | D:9      | Reached skill level 1 in Shields
  8908 | D:9      | Reached skill level 8 in Fighting
  8908 | D:9      | Reached skill level 2 in Shields
  9205 | D:9      | Received a gift from Okawaru
  9218 | D:9      | Found a staircase to the Lair.
  9246 | D:9      | Noticed a death yak
  9247 | D:9      | Noticed a death yak
  9248 | D:9      | Noticed a death yak
  9297 | D:9      | Reached skill level 3 in Shields
  9677 | D:9      | Found a hazy altar of Hepliaklqana.
  9955 | D:9      | Found a staircase to the Orcish Mines.
  9963 | D:9      | Reached skill level 4 in Shields
  9972 | D:9      | Reached skill level 8 in Maces & Flails
 10053 | D:9      | Reached skill level 9 in Fighting
 10584 | Lair:1   | Entered Level 1 of the Lair of Beasts
 10858 | Lair:1   | Noticed a spiny frog
 10866 | Lair:1   | Killed a spiny frog
 10866 | Lair:1   | Reached XP level 11. HP: 74/89 MP: 17/17
 11019 | Lair:1   | Found a frozen archway.
 11023 | IceCv    | Entered an ice cave
 11031 | IceCv    | Slain by an alligator simulacrum

Skill      XL: |  1  2  3  4  5  6  7  8  9 10 |
---------------+-------------------------------+-----
Dodging        | 3 4 5 |  5.0
Maces & Flails | 3 4 5 7 8 |  8.9
Armour         | 1 2 3 4 5 |  5.0
Fighting       | 3 4 6 7 9 |  9.5
Invocations    | 1 3 5 8 |  8.3
Shields        | 4 |  4.8
Throwing       | |  1.7

Action                   |  1- 3 |  4- 6 |  7- 9 | 10-12 || total
-------------------------+-------+-------+-------+-------++-------
Melee: Flail             |   148 |   270 |   201 |   266 ||   885
       Punch             |       |       |     1 |       ||     1
Throw: Javelin           |       |       |    20 |    50 ||    70
Invok: Heroism           |       |       |     1 |       ||     1
       Finesse           |       |       |       |     1 ||     1
Evoke: Wand              |       |       |     7 |       ||     7
  Use: Scroll            |       |    11 |       |     6 ||    17
       Potion            |       |       |     2 |     2 ||     4
 Stab: Sleeping          |     1 |       |       |       ||     1
       Invisible         |       |     1 |       |       ||     1
  Eat: Chunk             |     4 |     9 |     8 |     5 ||    26
       Ration            |       |     1 |       |     1 ||     2
Armor: Leather armour    |    19 |       |       |       ||    19
       Chain mail        |   106 |   200 |    89 |       ||   395
       Plate armour      |       |       |    63 |   123 ||   186
Dodge: Dodged            |    89 |   130 |   118 |    53 ||   390
Block: Buckler           |       |       |     1 |    32 ||    33
       Shield            |       |       |       |    30 ||    30

Vault maps used:
D:1:      dpeg_arrival_central, minmay_misc_feat_encased,
          minmay_misc_feat_enclosed
D:2:      lemuel_doored_altar, minmay_tiny_reverse_x
D:3:      minitemple, zin_academy, first_ration, uniq_crazy_yiuf_cottage
D:4:      minmay_lizard_king
D:5:      okawaru_ov_weapons_minmay, minmay_temple_entry_overgrown, basic_altar,
          grunt_dithmenos_smoke
D:6:      serial_aquarium, aquarium_bridge_straight, aquarium_window_corridor_1,
          aquarium_window_1, aquarium_window_1, aquarium_window_fake,
          aquarium_view_2a, aquarium_view_2b, aquarium_pool_2,
          serial_bayou_pond_e, fedhas_altar_fruit_tree
D:7:      serial_shops, nicolae_shop_trees, the_bakery
D:8:      old_standard_altar, lemuel_crystal_altar, basic_altar
D:9:      dpeg_lair_monsters, kennysheep_orc_monster_closet_entryway,
          basic_altar
Temple:   chequers_temple_sunken
Lair:1:   portal_ice_cave_entry_pillars_1
IceCv:    ice_cave_small_necro

Table legend:
 A = Turns spent in this place as a percentage of turns spent in the entire game.
 B = Non-inter-level travel turns spent in this place as a percentage of non-inter-level travel turns spent in the entire game.
 C = Inter-level travel turns spent in this place as a percentage of turns spent in this place.
 D = Turns resting spent in this place as a percentage of non-inter-level travel turns spent in this place.
 E = Turns spent auto-exploring this place as a percentage of non-inter-level travel turns spent in this place.
 F = Non-inter-level travel turns spent in this place divided by the number of levels of this place that you've seen.
                   A       B       C       D       E      F
               +-------+-------+-------+-------+-------+----------------------
         Total | 100.0 | 100.0 |   2.1 |  32.1 |  47.1 | 899.9
       Dungeon |  96.2 |  96.3 |   2.0 |  33.3 |  46.1 | 1155.2
        Temple |   1.5 |   1.4 |   9.9 |   0.0 |  98.6 | 146.0
          Lair |   2.2 |   2.3 |   0.0 |   0.0 |  62.1 | 248.0
      Ice Cave |   0.1 |   0.1 |   0.0 |   0.0 |   0.0 |   8.0
               +-------+-------+-------+-------+-------+----------------------

Table legend:
 A = Kills in this place as a percentage of kills in entire the game.
 B = Kills by you in this place as a percentage of kills by you in the entire game.
 C = Kills by friends in this place as a percentage of kills by friends in the entire game.
 D = Other kills in this place as a percentage of other kills in the entire game.
 E = Experience gained in this place as a percentage of experience gained in the entire game.
 F = Experience gained in this place divided by the number of levels of this place that you have seen.
                   A       B       C       D       E      F
               +-------+-------+-------+-------+-------+----------------------
         Total | 100.0 | 100.0 |   N/A |   N/A | 100.0 | 966.9
       Dungeon |  97.5 |  97.5 |   N/A |   N/A |  90.4 | 1165.3
          Lair |   1.7 |   1.7 |   N/A |   N/A |   6.9 | 798.0
      Ice Cave |   0.8 |   0.8 |   N/A |   N/A |   2.7 | 317.0
               +-------+-------+-------+-------+-------+----------------------
